 Dungeon Crawl Stone Soup version 0.20.1-1-g8b1a95d (webtiles) character file.

67755 Frqise the Swashbuckler (level 14, -39/198 HPs)
             Began as a Minotaur Berserker on July 6, 2017.
             Was an Elder of Trog.
             Killed from afar by Asterion (42 damage)
             ... with an orb of electricity
             ... on level 1 of the Depths.
             The game lasted 01:15:43 (21449 turns).

Frqise the Swashbuckler (Minotaur Berserker)       Turns: 21449, Time: 01:15:44

Health: -39/198    AC: 32    Str: 29    XL:     14   Next: 84%
Magic:  13/13      EV:  9    Int:  4    God:    Trog [****..]
Gold:   354        SH: 17    Dex: 13    Spells: 13/13 levels left

rFire    . . .     SeeInvis .   o - +8 short sword (pierce)
rCold    . . .     Gourm    .   M - +2 shield
rNeg     . . .     Faith    .   y - +5 plate armour
rPois    .         Spirit   .   (helmet restricted)
rElec    .         Reflect  +   G - +1 cloak {MR+}
rCorr    +         Harm     .   m - +0 pair of gloves
MR       ++++.                  g - +0 pair of boots
Stlth    ..........             a - +3 amulet of reflection
Regen    1.5/turn               q - ring of resist corrosion
MPRegen  0.2/turn               B - +4 ring of protection

@: berserking (expiring), regenerating, very quick
A: retaliatory headbutt, horns 2
a: Berserk, Trog's Hand, Brothers in Arms, Burn Spellbooks, Renounce Religion


You were on level 1 of the Depths.
You worshipped Trog.
Trog was greatly pleased with you.
You were very hungry.

You visited 2 branches of the dungeon, and saw 16 of its levels.

You collected 1100 gold pieces.
You spent 746 gold pieces at shops.

Inventory:

Hand Weapons
 o - a +8 short sword of piercing (weapon)
 H - a +0 blowgun
 I - a +1 short sword of draining
 K - a +2 scimitar of flaming
Missiles
 J - 9 curare-tipped needles
Armour
 g - a +0 pair of boots (worn)
 m - a +0 pair of gloves (worn)
 y - a +5 plate armour (worn)
 G - a +1 cloak of magic resistance (worn)
 M - a +2 shield (worn)
Jewellery
 a - a +3 amulet of reflection (around neck)
 b - an uncursed ring of stealth
 f - the ring of Xom's Wantonness {rF+ rC+ Str+2 Stlth-, unknown}
   (You found it on level 15 of the Dungeon)

   [ring of protection from fire]

   It affects your strength (+2).
   It protects you from fire.
   It protects you from cold.
   It makes you less stealthy.
 l - an uncursed amulet of rage {unknown}
 q - a ring of resist corrosion (left hand)
 B - a +4 ring of protection (right hand)
 L - an uncursed ring of poison resistance
 N - an uncursed ring of protection from cold {unknown}
Scrolls
 c - 2 scrolls of recharging
 h - 3 scrolls of magic mapping
 i - 3 scrolls of immolation
 j - 13 scrolls of teleportation
 n - 5 scrolls of amnesia
 x - 11 scrolls of remove curse
Potions
 e - a potion of haste
 k - a potion of ambrosia
 p - 10 potions of lignification
 r - 4 potions of brilliance
 v - 2 potions of degeneration
 w - a potion of cancellation
 D - 2 potions of agility
 E - 3 potions of flight
Comestibles
 s - a bread ration
 u - 4 meat rations
 z - 7 royal jellies


   Skills:
 + Level 14.2 Fighting
 * Level 17.9 Short Blades
   Level 5.0 Axes
 + Level 15.9 Armour
 + Level 4.6 Dodging
 - Level 0.5 Stealth
 + Level 8.1 Shields


You had 13 spell levels left.
You didn't know any spells.

Dungeon Overview and Level Annotations

Branches:
Dungeon (15/15)            Temple (0/1) D:5            Lair (0/6) D:8
    Orc (0/2) D:11         Vaults (0/5) D:13         Depths (1/5) D:15

Altars:
Ashenzari
Cheibriados
Dithmenos
Fedhas
Hepliaklqana
Makhleb
Nemelex Xobeh
Qazlal
Ru
Sif Muna
Trog
Vehumet
Xom
Yredelemnul
The Shining One

Shops:
D:5 %   D:10 ?   D:13 ?   Depths:1 *}(

Portals:
Hell: Depths:1

Annotations:
Depths:1 Asterion, Bai Suzhen


Innate Abilities, Weirdness & Mutations

You reflexively headbutt those who attack you in melee.
You have a pair of horns on your head.


Message History

You hear a shout!
Unknown command.
You feel a strong urge to attack something.
Asterion is struck by lightning.
Asterion utters an invocation to Makhleb.
You block the eight-headed hydra's attack.
The eight-headed hydra bites you!
* * * LOW HITPOINT WARNING * * *
The eight-headed hydra bites you.
* * * LOW HITPOINT WARNING * * *
The eight-headed hydra bites you but does no damage.
The eight-headed hydra bites you.
* * * LOW HITPOINT WARNING * * *
You block the eight-headed hydra's attack.
The eight-headed hydra bites you but does no damage.
The eight-headed hydra barely misses you.
You hear a shout! x2
Asterion conjures a destructive force in the name of Makhleb!
The orb of electricity explodes!
The orb of electricity engulfs you!
You die...

##.....# ## ###....## #..
##### ### ##......#.
..####.#.###.####.......#.
#......#.##.....##.......
.###.....2..........##....#.
..........................#.
#.....§§H§.∩..............##
......§D§§.@...............#
......§§≈#D.................
......#................#....
.#.....................##...
............................
............................
.......##...................
..##. #..###..........#...
......# #...##....##...


You could see Bai Suzhen, Asterion, an eight-headed hydra and a green death.

Vanquished Creatures
  Kirke (D:13)
  Louise (D:14)
  Aizul (Depths:1)
  A stone giant (Depths:1)
  Nessos (D:13)
  A dire elephant (D:15)
  An ettin (Depths:1)
  A fire dragon (Depths:1)
  An ogre mage (D:15)
  A catoblepas (D:15)
  8 vault guards (D:13)
  5 hydras
  4 centaur warriors
  16 two-headed ogres
  A tengu warrior (D:13)
  Urug (D:12)
  The ghost of Sunburn the Skirmisher, a novice HaAs of Dithmenos (D:9)
  Sonja (D:11)
  2 unseen horrors
  Pikel (D:9)
  A wizard (D:7)
  A wolf spider zombie (D:14)
  A salamander (D:15)
  A deep elf mage (D:7)
  7 ugly things
  18 slime creatures
  3 manticores
  Maurice (D:9)
  A gargoyle (D:14)
  An efreet (D:13)
  A freezing wraith (D:15)
  3 meliai (D:13)
  3 trolls
  2 hornets
  Prince Ribbit (D:5)
  A hippogriff (shapeshifter) (D:12)
  5 hippogriffs
  A meliai zombie (D:14)
  A spriggan (D:7)
  A wyvern (shapeshifter) (Depths:1)
  A shadow (D:13)
  Eustachio (D:5)
  2 basilisks
  26 yaks
  3 wyverns
  A steam dragon (D:9)
  A wraith (D:10)
  3 hogs (D:13)
  4 vampire mosquitoes (D:14)
  Menkaure (D:5)
  A soldier ant (D:13)
  A hornet zombie (D:14)
  6 orc warriors
  A meliai simulacrum (D:14)
  3 ice beasts
  2 phantoms (D:7)
  The ghost of tognito the Chopper, an amateur MiBe of Trog (D:3)
  2 necrophages
  An eye of draining (D:6)
  2 sky beasts
  8 ogres
  12 centaurs
  5 boggarts (D:12)
  3 crocodiles
  4 big kobolds
  A gnoll sergeant (D:5)
  15 bullfrogs
  7 scorpions
  A wight (D:13)
  4 howler monkeys
  8 crimson imps
  6 centaur zombies
  10 hounds
  4 jellies
  A bullfrog zombie (D:7)
  8 orc priests
  5 centaur skeletons
  A bullfrog skeleton (D:8)
  4 iguanas
  Ijyb (D:3)
  9 orc wizards
  5 worker ants
  2 human simulacra (D:13)
  A worker ant zombie (D:8)
  A howler monkey zombie (D:9)
  10 gnolls
  2 howler monkey skeletons
  11 adders
  7 shadow imps
  A white imp (D:8)
  2 oozes (D:1)
  2 adder zombies
  2 adder skeletons (D:4)
  2 worms (D:3)
  4 dart slugs
  2 leopard geckos
  35 orcs
  A ball python (D:5)
  4 bats
  5 giant cockroaches
  15 goblins
  8 hobgoblins
  9 jackals
  3 quokkas
  8 frilled lizards
  A goblin zombie (D:8)
  4 hobgoblin zombies
  41 kobolds
  A kobold skeleton (D:8)
  2 kobold zombies (D:8)
  2 orc skeletons (D:8)
  An orc zombie (D:8)
  A quokka skeleton (D:5)
  A quokka zombie (D:8)
  9 rats
489 creatures vanquished.

Vanquished Creatures (collateral kills)
  Gastronok (D:10)
  Azrael (D:12)
  Harold (D:12)
  A slime creature (D:13)
  A cyclops (D:13)
  2 kobold demonologists (D:12)
  2 fire elementals (D:12)
  3 hell hounds (D:12)
  A big kobold (D:12)
  A crimson imp (D:12)
  4 kobolds (D:12)
18 creatures vanquished.

Vanquished Creatures (others)
  3 humans (D:13)
  4 slaves (D:9)
  A crimson imp (D:13)
  A shadow imp (D:13)
9 creatures vanquished.

Grand Total: 516 creatures vanquished

Notes
Turn   | Place    | Note
-------+----------+-------------------------------------------
     0 | D:1      | Frqise the Minotaur Berserker began the quest for the Orb.
     0 | D:1      | Reached XP level 1. HP: 19/19 MP: 0/0
   123 | D:1      | Reached XP level 2. HP: 23/27 MP: 1/1
   456 | D:1      | Reached XP level 3. HP: 33/33 MP: 2/2
  1299 | D:2      | Reached ** piety under Trog
  1299 | D:2      | Reached XP level 4. HP: 39/41 MP: 3/3
  1451 | D:2      | Found a sparkling altar of Nemelex Xobeh.
  1895 | D:3      | Reached skill level 1 in Short Blades
  2244 | D:3      | Found a blossoming altar of Fedhas.
  2314 | D:3      | Reached skill level 5 in Fighting
  2314 | D:3      | Reached skill level 5 in Axes
  2314 | D:3      | Reached XP level 5. HP: 40/48 MP: 4/4
  2597 | D:3      | Noticed tognito's ghost (amateur MiBe)
  2608 | D:3      | Killed tognito's ghost
  2608 | D:3      | Reached skill level 3 in Short Blades
  2608 | D:3      | Reached XP level 6. HP: 56/56 MP: 5/5
  2689 | D:3      | Found a shattered altar of Ashenzari.
  2883 | D:3      | Noticed Ijyb
  2896 | D:3      | Killed Ijyb
  3625 | D:4      | Reached *** piety under Trog
  3846 | D:4      | Reached skill level 4 in Short Blades
  4025 | D:4      | Reached XP level 7. HP: 47/61 MP: 6/6
  4032 | D:4      | Reached skill level 5 in Short Blades
  4446 | D:5      | Entered Level 5 of the Dungeon
  4483 | D:5      | Found a shadowy altar of Dithmenos.
  4545 | D:5      | Reached skill level 6 in Short Blades
  4576 | D:5      | Reached **** piety under Trog
  4584 | D:5      | Noticed Prince Ribbit
  4804 | D:5      | Noticed Menkaure
  4807 | D:5      | Found Wibuinlu's Food Shoppe.
  4810 | D:5      | Killed Menkaure
  4810 | D:5      | Reached skill level 5 in Armour
  5300 | D:5      | Reached XP level 8. HP: 70/70 MP: 7/7
  5424 | D:5      | Found a staircase to the Ecumenical Temple.
  5453 | D:5      | Reached skill level 7 in Short Blades
  5464 | D:5      | Noticed Eustachio
  5489 | D:5      | Killed Eustachio
  5631 | D:5      | Reached skill level 8 in Short Blades
  5779 | D:5      | Killed Prince Ribbit
  6134 | D:6      | Reached skill level 9 in Short Blades
  6297 | D:6      | Reached XP level 9. HP: 68/78 MP: 8/8
  6848 | D:7      | Reached skill level 10 in Short Blades
  6997 | D:7      | Found a snail-covered altar of Cheibriados.
  6997 | D:7      | Found a burning altar of Makhleb.
  7049 | D:7      | Noticed a two-headed ogre
  7059 | D:7      | Killed a two-headed ogre
  7059 | D:7      | Reached skill level 11 in Short Blades
  7276 | D:7      | Found a basalt altar of Yredelemnul.
  7292 | D:7      | Noticed a deep elf mage
  7299 | D:7      | Noticed an ice devil
  7308 | D:7      | Killed a deep elf mage
  7406 | D:7      | Reached ***** piety under Trog
  7417 | D:7      | Found a transporter.
  7422 | D:7      | Found a radiant altar of Vehumet.
  7422 | D:7      | Found a transporter.
  7425 | D:7      | Noticed a wizard
  7468 | D:7      | Reached skill level 12 in Short Blades
  7468 | D:7      | Reached XP level 10. HP: 54/88 MP: 9/9
  7554 | D:7      | Received a gift from Trog
  7564 | D:7      | Killed a wizard
  8055 | D:8      | Found a glowing golden altar of the Shining One.
  8123 | D:8      | Found a stormy altar of Qazlal.
  8137 | D:8      | Found a staircase to the Lair.
  8183 | D:8      | Reached skill level 13 in Short Blades
  8325 | D:8      | Found a bloodstained altar of Trog.
  8404 | D:8      | Noticed a two-headed ogre
  8420 | D:8      | Killed a two-headed ogre
  8740 | D:9      | Noticed a two-headed ogre
  8758 | D:9      | Killed a two-headed ogre
  8809 | D:9      | Found a sacrificial altar of Ru.
  8847 | D:9      | Noticed Maurice
  8860 | D:9      | Killed Maurice
  8918 | D:9      | Reached XP level 11. HP: 81/97 MP: 10/10
  9009 | D:9      | Noticed a two-headed ogre
  9019 | D:9      | Killed a two-headed ogre
  9019 | D:9      | Reached skill level 14 in Short Blades
  9137 | D:9      | Noticed Pikel
  9188 | D:9      | Killed Pikel
  9280 | D:9      | Noticed a two-headed ogre
  9289 | D:9      | Killed a two-headed ogre
  9329 | D:9      | Noticed Sunburn's ghost (novice HaAs)
  9354 | D:9      | Killed Sunburn's ghost
  9585 | D:9      | Found a deep blue altar of Sif Muna.
  9713 | D:10     | Entered Level 10 of the Dungeon
  9861 | D:10     | Found a hazy altar of Hepliaklqana.
  9893 | D:10     | Reached skill level 10 in Armour
  9901 | D:10     | Received a gift from Trog
  9985 | D:10     | Noticed a two-headed ogre
  9997 | D:10     | Killed a two-headed ogre
  9997 | D:10     | Reached skill level 10 in Fighting
 10039 | D:10     | Found Xanaghie's Magic Scroll Boutique.
 10065 | D:10     | Bought a scroll of identify for 32 gold pieces
 10065 | D:10     | Bought a scroll of fear for 56 gold pieces
 10065 | D:10     | Bought a scroll of enchant armour for 120 gold pieces
 10065 | D:10     | Bought a scroll of identify for 32 gold pieces
 10447 | D:10     | Noticed Gastronok
 10450 | D:10     | Noticed a two-headed ogre
 10467 | D:10     | Killed a two-headed ogre
 10477 | D:10     | Killed Gastronok
 10477 | D:10     | Reached XP level 12. HP: 99/108 MP: 11/11
 10893 | D:11     | Noticed Sonja
 10904 | D:11     | Reached skill level 15 in Short Blades
 10932 | D:11     | Killed Sonja
 11647 | D:11     | Found a staircase to the Orcish Mines.
 12275 | D:12     | Noticed Urug
 12304 | D:12     | Killed Urug
 12358 | D:12     | Noticed a four-headed hydra
 12384 | D:12     | Killed a four-headed hydra
 12644 | D:12     | Noticed a four-headed hydra
 12659 | D:12     | Killed a four-headed hydra
 12802 | D:12     | Received a gift from Trog
 12834 | D:12     | Noticed a two-headed ogre
 12998 | D:12     | Noticed Azrael
 13007 | D:12     | Killed Azrael
 13628 | D:12     | Noticed an eight-headed hydra
 13636 | D:12     | Killed an eight-headed hydra
 13902 | D:12     | Noticed Harold
 13920 | D:12     | Killed Harold
 13920 | D:12     | Reached skill level 1 in Shields
 14248 | D:13     | Found Piwubafri's Magic Scroll Shoppe.
 14262 | D:13     | Bought a scroll of identify for 26 gold pieces
 14262 | D:13     | Bought a scroll of enchant armour for 97 gold pieces
 14262 | D:13     | Bought a scroll of identify for 26 gold pieces
 14262 | D:13     | Bought a scroll of brand weapon for 260 gold pieces
 14262 | D:13     | Bought a scroll of enchant weapon for 97 gold pieces
 14408 | D:13     | Noticed a vault guard
 14408 | D:13     | Noticed a vault guard
 14409 | D:13     | Found a gate to the Vaults.
 14409 | D:13     | Noticed a vault guard
 14410 | D:13     | Noticed a vault guard
 14410 | D:13     | Noticed a vault guard
 14410 | D:13     | Noticed a vault guard
 14410 | D:13     | Noticed a vault guard
 14430 | D:13     | Killed a vault guard
 14430 | D:13     | Reached skill level 16 in Short Blades
 14443 | D:13     | Killed a vault guard
 14443 | D:13     | Reached XP level 13. HP: 62/119 MP: 12/12
 14929 | D:13     | Paralysed by a hornet for 1 turns
 15390 | D:13     | Found a hazy altar of Hepliaklqana.
 15468 | D:13     | Received a gift from Trog
 15493 | D:13     | Noticed Kirke
 15514 | D:13     | Killed Kirke
 16713 | D:13     | Noticed Nessos
 16729 | D:13     | Killed Nessos
 16729 | D:13     | Reached skill level 17 in Short Blades
 17524 | D:14     | Reached skill level 15 in Armour
 17588 | D:14     | Reached XP level 14. HP: 123/129 MP: 13/13
 17872 | D:14     | Noticed Louise
 17916 | D:14     | Killed Louise
 18518 | D:14     | Reached skill level 5 in Shields
 18859 | D:15     | Entered Level 15 of the Dungeon
 19567 | D:15     | Got a coiled lapis lazuli ring
 19738 | D:15     | Received a gift from Trog
 20289 | D:15     | Found a staircase to the Depths.
 20414 | Depths:1 | Entered Level 1 of the Depths
 20414 | Depths:1 | Noticed a stone giant
 20424 | Depths:1 | Killed a stone giant
 20782 | Depths:1 | Found Xaewu's Weapon Emporium.
 20782 | Depths:1 | Found Hetanyny's Gadget Shoppe.
 20805 | Depths:1 | Found a shimmering altar of Xom.
 20851 | Depths:1 | Noticed Aizul
 20884 | Depths:1 | Killed Aizul
 21252 | Depths:1 | Found a gateway to Hell.
 21409 | Depths:1 | Found Mate's Merry Market.
 21422 | Depths:1 | Noticed Bai Suzhen
 21434 | Depths:1 | Noticed Asterion
 21448 | Depths:1 | HP: 5/198 [eight-headed hydra[Bai Suzhen] (8)]
 21448 | Depths:1 | HP: 2/198 [eight-headed hydra[Bai Suzhen] (2)]
 21449 | Depths:1 | Killed from afar by Asterion

Skill      XL: |  1  2  3  4  5  6  7  8  9 10 11 12 13 14 |
---------------+-------------------------------------------+-----
Fighting       | 4 5 6 7 9 10 12 13 14 | 14.2
Axes           | 4 5 |  5.0
Armour         | 3 4 5 6 7 8 11 13 15 | 15.9
Short Blades   | 1 3 4 6 9 12 13 14 16 17 | 17.9
Dodging        | 3 4 |  4.6
Shields        | 1 3 8 |  8.1
Stealth        | |  0.5

Action                   |  1- 3 |  4- 6 |  7- 9 | 10-12 | 13-15 || total
-------------------------+-------+-------+-------+-------+-------++-------
Melee: Hand axe          |    62 |       |       |       |       ||    62
       Headbutt          |     4 |    29 |    57 |   192 |   222 ||   504
       Short sword       |     2 |   189 |   331 |   840 |   780 ||  2142
Invok: Berserk           |       |     1 |     1 |       |     1 ||     3
       Burn Spellbooks   |       |       |     1 |     3 |     3 ||     7
       Brothers in Arms  |       |       |       |     3 |     5 ||     8
       Trog's Hand       |       |       |       |       |     2 ||     2
  Use: Scroll            |     7 |     9 |     4 |    17 |    12 ||    49
       Potion            |       |     1 |     1 |     2 |     8 ||    12
 Stab: Sleeping          |     1 |       |       |       |       ||     1
       Paralysed         |       |       |       |     1 |       ||     1
       Distracted        |       |       |       |       |     1 ||     1
  Eat: Bread ration      |       |     3 |     1 |     3 |     5 ||    12
       Chunk             |       |       |     1 |     3 |     2 ||     6
       Fruit             |       |       |     7 |     1 |       ||     8
       Meat ration       |       |       |       |     1 |       ||     1
Armor: Ring mail         |    21 |    51 |       |       |       ||    72
       Plate armour      |       |    82 |   179 |   472 |   402 ||  1135
Dodge: Dodged            |    49 |   113 |    86 |   217 |   196 ||   661
Block: Other             |       |       |       |    35 |    23 ||    58
       Shield            |       |       |       |       |   272 ||   272
       Reflection        |       |       |       |       |    12 ||    12
